Map: Cyber Forest LE

Players

Marinelord - Winner!

  • Race: Terran Terran
  • Spawn Location: 11:00

uThermal

  • Race: Terran Terran
  • Spawn Location: 5:00

Event: 2019 WCS Spring

VOD

Have the link to the VOD?

Description

Time

  • Played on: May 17, 2019, 1:56 p.m.
  • Length: 4:57

All games in this series

Show
View Real Time Build Order
Export as new Build Order

Marinelord Terran - Winner!

Build Orders:  

Get SALT Encoding   

  12  0:00  SCV  
  13  0:12  SCV  
  14  0:17  Supply Depot  
  14  0:24  SCV  
  15  0:37  Refinery  
  15  0:44  Barracks  
  15  0:57  Barracks  
  15  1:01  SCV  
  16  1:14  SCV  
  17  1:30  Orbital Command  
  17  1:38  Supply Depot  
  17  1:44  Barracks Tech Lab  
  17  1:56  SCV  
  17  1:59  Barracks Tech Lab  
  18  2:02  Concussive Shells  
  18  2:03  Marauder  
  18  2:08  SCV  
  21  2:10  Refinery  
  21  2:17  Marauder  
  23  2:24  Marauder, SCV  
  26  2:31  Supply Depot  
  26  2:39  SCV, Marauder  
  29  2:45  Marauder  
  31  2:53  SCV  
  32  3:05  Marauder  
  33  3:07  Marauder  
  35  3:17  Factory  
  35  3:18  SCV  
  33  3:29  Marauder  
  33  3:30  SCV  
  36  3:39  Marauder  
  38  3:43  SCV  
  39  3:55  SCV  
  38  4:00  Factory Tech Lab  
  38  4:01  Supply Depot  
  38  4:09  SCV  
  39  4:10  Marauder  
  39  4:16  Supply Depot  
  39  4:23  Marauder, Cyclone, SCV  
  45  4:35  SCV  
  45  4:37  Marine  
  46  4:51  Starport  
Show
View Real Time Build Order
Export as new Build Order

uThermal Terran 

Build Orders:  

Get SALT Encoding   

  12  0:01  SCV  
  13  0:13  SCV  
  14  0:17  Supply Depot  
  14  0:25  SCV  
  14  0:27  Refinery  
  15  0:39  SCV  
  16  0:44  Barracks  
  16  0:51  SCV  
  16  0:56  Refinery  
  17  1:03  SCV  
  18  1:15  SCV  
  19  1:31  Reaper, Orbital Command  
  20  1:36  Factory  
  20  1:44  Supply Depot  
  20  1:56  SCV  
  21  2:03  Reaper  
  22  2:08  SCV  
  23  2:19  Hellion  
  25  2:27  Command Center  
  25  2:29  SCV  
  26  2:36  Barracks Reactor  
  26  2:41  SCV  
  27  2:44  Starport  
  27  2:46  Factory Tech Lab  
  27  2:51  Supply Depot  
  27  2:54  SCV  
  19  3:16  Siege Tank  
  19  3:17  Marine x2  
  19  3:19  SCV  
  18  3:34  Marine x2  
Tags
 
Add a new tag
Caveats
  • Supply blocks, unpowered buildings, or Contaminate may cause inaccurate times.
  • Supply counts are checked every 10 seconds.